 Dungeon Crawl Stone Soup version 0.25.0-46-gbd7b085 (webtiles) character file.

Game seed: 16977420985430041571

581 Firecrotchwizard the Cleaver (level 7, -4/62 HPs)
             Began as a Hill Orc Monk on July 17, 2020.
             Splashed by a jelly's acid (10 damage)
             ... on level 4 of the Dungeon.
             The game lasted 00:06:55 (4972 turns).

Firecrotchwizard the Cleaver (Hill Orc Monk)        Turns: 4972, Time: 00:06:56

Health: -4/62      AC: -7    Str: 16    XL:     7   Next: 36%
Magic:  7/7        EV: 11    Int: 10    God:
Gold:   148        SH:  0    Dex: 13    Spells: 6/6 levels left

rFire    . . .     SeeInvis .   a - +0 hand axe
rCold    + . .     Gourm    .   (no shield)
rNeg     . . .     Faith    .   h - +0 ring mail {rPois}
rPois    +         Spirit   .   (no helmet)
rElec    .         Reflect  .   (no cloak)
rCorr    .         Harm     .   o - +1 pair of gloves
MR       .....                  (no boots)
Stlth    +.........             (no amulet)
HPRegen  0.20/turn              s - ring of protection from cold {rC+, !d}
MPRegen  0.10/turn              (no ring)

@: corroded
A: no striking features
a: no special abilities


You were on level 4 of the Dungeon.
You were hungry.

You visited 1 branch of the dungeon, and saw 5 of its levels.

You collected 148 gold pieces.

Inventory:

Hand Weapons
 a - a +0 hand axe (weapon)
 z - a +1 halberd of protection
   (You took it off a gnoll on level 4 of the Dungeon)
Armour
 b - a +0 robe
 h - a +0 ring mail of poison resistance (worn)
   (You found it on level 1 of the Dungeon)
 o - a +1 pair of gloves (worn)
   (You found it on level 3 of the Dungeon)
 u - the +3 hat of Pondering {ponderous, MR+ MP+10 Int+5}
   (You found it on level 4 of the Dungeon)

   It affects your intelligence (+5).
   It affects your resistance to hostile enchantments.
   It affects your magic capacity (+10).
Jewellery
 s - a ring of protection from cold (left hand) {rC+, !d}
   (You found it on level 3 of the Dungeon)
Wands
 y - a wand of random effects (16)
   (You found it on level 4 of the Dungeon)
Scrolls
 e - a scroll of immolation {unknown}
 g - 2 scrolls of remove curse {unknown}
 l - 5 scrolls of identify {unknown}
 m - 2 scrolls of fog {unknown}
 n - a scroll of teleportation {unknown}
 p - a scroll of amnesia {unknown}
 r - a scroll of enchant weapon {unknown}
 t - a scroll of noise {unknown}
 v - a scroll of fear {unknown}
Potions
 d - a potion of might {unknown}
 f - 2 potions of lignification {unknown}
 i - a potion of haste {unknown}
 j - a potion of degeneration {unknown}
 k - a potion of resistance
 q - a potion of curing {unknown}
 w - a potion of invisibility {unknown}
Comestibles
 c - 7 rations


   Skills:
 + Level 5.8 Fighting
 * Level 8.2 Axes
 + Level 3.9 Armour
 - Level 2.4 Dodging
 - Level 1.5 Stealth


You had 6 spell levels left.
You didn't know any spells.
Your spell library contained the following spells:

 Spells                   Type           Power        Failure   Level  Hunger
 Foxfire                  Conj/Fire      #...         56%         1    ##.....
 Conjure Flame            Conj/Fire      #.......     90%         3    ####...
 Inner Flame              Hex/Fire       #.......     90%         3    ####...
 Sticky Flame             Conj/Fire      #.......     100%        4    #####..
 Fireball                 Conj/Fire      #.........   100%        5    ######.


Dungeon Overview and Level Annotations

Branches:
Dungeon (5/15)
 Temple: D:4-7

Altars:

Shops:
D:4 *


Message History

You take 1 damage, and have 30/62 hp.
You hit the crimson imp.
You hit the crimson imp but do no damage.
The crimson imp completely misses you.
You barely miss the crimson imp.
The crimson imp hits you but does no damage.
You miss the crimson imp.
The crimson imp is no longer unusually resistant.
The crimson imp closely misses you.
You closely miss the crimson imp.
The crimson imp hits you but does no damage.
You closely miss the crimson imp.
The crimson imp hits you but does no damage.
You closely miss the crimson imp. The crimson imp hits you.
You take 1 damage, and have 30/62 hp.
You slash the crimson imp! The crimson imp completely misses you.
You barely miss the crimson imp.
The crimson imp blinks!
You miss the crimson imp. The crimson imp hits you.
You miss the crimson imp. The crimson imp closely misses you.
You miss the crimson imp. The crimson imp closely misses you.
You barely miss the crimson imp.
The crimson imp blinks!
The crimson imp hits you but does no damage.
You closely miss the crimson imp.
The crimson imp hits you but does no damage.
You slash the crimson imp! The crimson imp hits you.
You take 4 damage, and have 27/62 hp.
You hit the crimson imp but do no damage.
The crimson imp hits you but does no damage.
You hit the crimson imp. The crimson imp hits you.
You take 1 damage, and have 26/62 hp.
You hit the crimson imp.
You kill the crimson imp!
l - 5 scrolls labeled JUDIBO OSMO (gained 1)
There is an open door, spattered with blood here.
There is an open door here.
You start resting.
You are feeling hungry.
You regained 22 hp, and now have 51/62 hp.
There is an open door here.
Things that are here:
a +0 dagger; a cursed +0 robe Done exploring.
Health restored: 62 Done exploring.
Done exploring.
(D) Dungeon
Where to? (Enter - D:4, ? - help)
There is an open door, spattered with blood here.
There is an open door here.
There is an open door here.
You see here a +0 flail.
You see here a cursed -1 spear.
There is a stone staircase leading down here.
You climb downwards.
A phantom comes into view.
Found a scroll labeled JUDIBO OSMO and 14 gold pieces.
Found a stone staircase leading down.
There is a stone staircase leading up here.
A jelly comes into view.
The phantom completely misses you.
You hit the phantom. You miss the phantom.
The phantom blinks!
The phantom blinks!
There is a stone staircase leading up here.
The jelly misses you.
The phantom blinks!
You climb upwards.
There is a stone staircase leading down here.
You hit the jelly.
Your hands burn!
The jelly hits you but does no damage.
You take 5 damage, and have 57/62 hp.
You hit the jelly. The acid corrodes you!
Your hands burn!
The jelly closely misses you.
You take 1 damage, and have 56/62 hp.
You hit the jelly. The acid corrodes you!
Your hands burn!
The jelly closely misses you.
You take 3 damage, and have 53/62 hp.
You hit the jelly but do no damage.
Your hands burn!
The jelly misses you.
You take 3 damage, and have 50/62 hp.
You hit the jelly but do no damage.
Your hands burn!
The jelly hits you. The acid corrodes you!
You are splashed with acid!
You take 11 damage, and have 39/62 hp.
You hit the jelly but do no damage.
Your hands burn!
The jelly barely misses you.
You take 4 damage, and have 35/62 hp.
You hit the jelly but do no damage.
Your hands burn!
The jelly hits you.
You are splashed with acid!
You take 13 damage, and have 22/62 hp.
MASSIVE DAMAGE!!
You hit the jelly but do no damage. The acid corrodes you!
Your hands burn!
* * * LOW HITPOINT WARNING * * *
The jelly misses you.
You take 5 damage, and have 17/62 hp.
You hit the jelly but do no damage.
Your hands burn!
* * * LOW HITPOINT WARNING * * *
You take 4 damage, and have 13/62 hp.
You hit the jelly but do no damage.
Your hands burn!
* * * LOW HITPOINT WARNING * * *
The jelly hits you.
* * * LOW HITPOINT WARNING * * *
The acid corrodes you!
You are splashed with acid!
You die...

########.###########.#.#####>#.
#..............#####.#.......##
#.######........#....#.......#
#..<......####..#.####.......#
#..######.# #..#.# #......÷# #..#
#.####..#.# #.......# #
#..######.......#.# #.......# #
#.............#.#.####.#'#.#.#
####.######.....@.#'##...#.#'#.##
.....# #.###.J......##........
###### #.# #........#......... #
#.# #........#..#...... #######
##.###(.......#..'...... #.....#
#....#........#.##...#.# '.....#
#.............#.......∩. #..#..#
#....#........#...#.##.# #.....#
#....#.######.#...#.##..


You could see a jelly.

Vanquished Creatures
  2 crimson imps (D:4)
  A hound (D:4)
  3 orc wizards (D:4)
  A centaur skeleton (D:4)
  An iguana (D:4)
  Natasha (thrice) (D:4)
  3 worker ants
  3 gnolls (D:4)
  6 adders
  An ooze (D:4)
  An adder skeleton (D:4)
  2 worms (D:3)
  5 dart slugs
  3 leopard geckos
  11 orcs
  2 ball pythons
  2 giant cockroaches
  7 goblins
  10 hobgoblins
  6 jackals
  A quokka (D:3)
  4 bats
  6 frilled lizards
  6 kobolds
  7 rats (D:1)
97 creatures vanquished.

Notes
Turn   | Place    | Note
-------+----------+-------------------------------------------
     0 | D:1      | Firecrotchwizard the Hill Orc Monk began the quest for the
                  | Orb.
     0 | D:1      | Reached XP level 1. HP: 19/19 MP: 1/1
   278 | D:1      | Reached XP level 2. HP: 27/27 MP: 2/2
   524 | D:1      | Reached skill level 1 in Armour
   557 | D:1      | HP: 6/27 [rat (1)]
   559 | D:1      | Reached skill level 4 in Fighting
   616 | D:1      | Reached XP level 3. HP: 9/33 MP: 3/3
   971 | D:1      | Reached skill level 5 in Axes
  1355 | D:2      | Reached XP level 4. HP: 40/40 MP: 4/4
  1876 | D:3      | Reached skill level 2 in Armour
  2092 | D:3      | Reached skill level 6 in Axes
  2092 | D:3      | Reached XP level 5. HP: 37/47 MP: 5/5
  2797 | D:4      | Found Uhae's Assorted Antiques.
  3003 | D:4      | Found the +3 hat of Pondering {ponderous, MR+ MP+10 Int+5}
  3160 | D:4      | Reached skill level 5 in Fighting
  3272 | D:4      | Reached XP level 6. HP: 56/56 MP: 6/6
  3274 | D:4      | Noticed Natasha
  3385 | D:4      | Killed Natasha
  3385 | D:4      | Reached skill level 7 in Axes
  3385 | D:4      | Reached skill level 3 in Armour
  4227 | D:4      | Noticed Natasha
  4246 | D:4      | Killed Natasha
  4268 | D:4      | HP: 7/56 [gnoll/+0 flail (9)]
  4270 | D:4      | Reached XP level 7. HP: 8/61 MP: 7/7
  4274 | D:4      | HP: 7/61 [crimson imp (1)]
  4420 | D:4      | Noticed Natasha
  4426 | D:4      | Killed Natasha
  4646 | D:4      | Reached skill level 8 in Axes
  4952 | D:5      | Entered Level 5 of the Dungeon
  4971 | D:4      | HP: 13/62 [acid (4)]
  4972 | D:4      | HP: 6/62 [jelly (3)]
  4972 | D:4      | Splashed by a jelly's acid

Illustrated notes

Levels and vault maps discovered:
D:1:      psy_arrival_spokes, layout_basic
D:2:      minmay_angry_zag, layout_rooms, evilmike_ruin_ashenzari,
          okawaru_metal_pillars_3, minmay_goblin_kobold_house
D:3:      layout_basic
D:4:      minmay_clustersquares, layout_basic, serial_shops,
          nicolae_shop_crystal, uniq_natasha
D:5:      layout_rooms, first_ration, minmay_fractal_squares_diagonal_5

Skill      XL: |  1  2  3  4  5  6  7 |
---------------+----------------------+-----
Armour         | 1 2 3 |  3.9
Fighting       | 4 5 |  5.8
Axes           | 5 6 7 8 |  8.2
Dodging        | |  2.4
Stealth        | |  1.5

Action                   |  1- 3 |  4- 6 |  7- 9 || total
-------------------------+-------+-------+-------++-------
Melee: Hand axe          |   123 |   254 |    69 ||   446
       Halberd           |       |       |    10 ||    10
 Stab: Sleeping          |     2 |     2 |       ||     4
  Eat: Chunk             |     1 |     6 |     2 ||     9
       Ration            |       |     1 |       ||     1
Armor: Robe              |     1 |       |       ||     1
       Ring mail         |    19 |    94 |    34 ||   147
Dodge: Dodged            |    58 |   150 |    28 ||   236

Levels and vault maps discovered:
D:1:      psy_arrival_spokes, layout_basic
D:2:      minmay_angry_zag, layout_rooms, evilmike_ruin_ashenzari,
          okawaru_metal_pillars_3, minmay_goblin_kobold_house
D:3:      layout_basic
D:4:      minmay_clustersquares, layout_basic, serial_shops,
          nicolae_shop_crystal, uniq_natasha
D:5:      layout_rooms, first_ration, minmay_fractal_squares_diagonal_5

Table legend:
 A = Turns spent in this place as a percentage of turns spent in the entire game.
 B = Non-inter-level travel turns spent in this place as a percentage of non-inter-level travel turns spent in the entire game.
 C = Inter-level travel turns spent in this place as a percentage of turns spent in this place.
 D = Turns resting spent in this place as a percentage of non-inter-level travel turns spent in this place.
 E = Turns spent auto-exploring this place as a percentage of non-inter-level travel turns spent in this place.
 F = Non-inter-level travel turns spent in this place divided by the number of levels of this place that you've seen.
                   A       B       C       D       E      F
               +-------+-------+-------+-------+-------+----------------------
         Total | 100.0 | 100.0 |   3.3 |  42.1 |  40.0 | 961.2
       Dungeon | 100.0 | 100.0 |   3.3 |  42.1 |  40.0 | 961.2
               +-------+-------+-------+-------+-------+----------------------

Table legend:
 A = Kills in this place as a percentage of kills in entire the game.
 B = Kills by you in this place as a percentage of kills by you in the entire game.
 C = Kills by friends in this place as a percentage of kills by friends in the entire game.
 D = Other kills in this place as a percentage of other kills in the entire game.
 E = Experience gained in this place as a percentage of experience gained in the entire game.
 F = Experience gained in this place divided by the number of levels of this place that you have seen.
                   A       B       C       D       E      F
               +-------+-------+-------+-------+-------+----------------------
         Total | 100.0 | 100.0 |   N/A |   N/A | 100.0 | 166.0
       Dungeon | 100.0 | 100.0 |   N/A |   N/A | 100.0 | 166.0
               +-------+-------+-------+-------+-------+----------------------
